 Dungeon Crawl Stone Soup version 0.28-a0-514-g0d7ab7f379 (webtiles) character file.

Game seed: 17494593386087508977

15 Drakonairon the Ruffian (level 2, -7/23 HPs)
             Began as a Draconian Transmuter on Sept 22, 2021.
             Mangled by a gnoll (8 damage)
             ... on level 3 of the Dungeon.
             The game lasted 00:06:21 (433 turns).

Drakonairon the Ruffian (Draconian Transmuter)       Turns: 433, Time: 00:06:21

Health: -7/23      AC:  4    Str: 12    XL:     2   Next: 34%
Magic:  5/5        EV: 12    Int: 13    God:
Gold:   20         SH:  0    Dex: 11    Spells: 4/5 levels left

rFire   . . .      SeeInvis .     - Unarmed
rCold   . . .      Faith    .   (no shield)
rNeg    . . .      Spirit   .   (armour unavailable)
rPois   .          Reflect  .   (helmet restricted)
rElec   .          Harm     .   (no cloak)
rCorr   .          Rampage  .   (no gloves)
Will    .....                   (no boots)
Stlth   +.........              (no amulet)
HPRegen 0.07/turn               a - ring of flight
MPRegen 0.09/turn               (no ring)

@: flying
A: AC +4, unfitting armour, cold-blooded
a: no special abilities


You were on level 3 of the Dungeon.
You visited 1 branch of the dungeon, and saw 3 of its levels.

You collected 20 gold pieces.

Inventory:

Hand Weapons
 c - a +0 short sword
 d - a +0 dagger
Missiles
 e - 21 bolts
Armour
 b - a +0 leather armour
Jewellery
 a - a ring of flight (left hand)
Wands
 f - a wand of flame (10)
Scrolls
 g - a scroll of amnesia {unknown}


   Skills:
 + Level 1.1 Fighting
 + Level 1.8 Dodging
 + Level 3.4 Unarmed Combat
 + Level 2.3 Spellcasting
 + Level 2.1 Transmutations


You had 4 spell levels left.
You knew the following spells:

 Your Spells              Type           Power      Damage    Failure   Level
a - Beastly Appendage     Tmut           12%        N/A       11%         1

Your spell library contained the following spells:

 Spells                   Type           Power      Damage    Failure   Level
 Wereblood                Tmut           6%         N/A       16%         2
 Pain                     Necr           4%         1d4       26%         1
 Shock                    Conj/Air       4%         1d3       26%         1
 Spider Form              Tmut/Pois      2%         N/A       43%         3
 Swiftness                Air            1%         N/A       58%         3
 Ice Form                 Ice/Tmut       4%         N/A       85%         4
 Airstrike                Air            0%         N/A       94%         4
 Agony                    Necr           1%         N/A       100%        5
 Excruciating Wounds      Necr           0%         N/A       100%        5


Dungeon Overview and Level Annotations

Branches:
Dungeon (3/15)

Altars:


Innate Abilities, Weirdness & Mutations

Your plain brown scales are hard. (AC +4)
You cannot fit into any form of body armour.
You are cold-blooded and may be slowed by cold attacks.


Message History

d - a +0 dagger A gnoll comes into view.
It is wielding a +0 whip.
The gnoll shouts!
You see here 21 bolts.
e - 21 bolts Your horns disappear.
Your talons disappear.
You see here a kobold corpse.
Found a scroll labelled IKYONY KIMAO.
You see here a wand of flame (10).
f - a wand of flame (10)
You see here a scroll labelled IKYONY KIMAO.
g - a scroll labelled IKYONY KIMAO The gnoll hits you with a +0 whip.
You hit the gnoll but do no damage. The gnoll closely misses you.
You barely miss the gnoll.
Your tail-slap misses the gnoll.
The gnoll hits you with a +0 whip.
You closely miss the gnoll. The gnoll misses you.
You hit the gnoll.
The gnoll is moderately wounded.
The gnoll misses you.
You completely miss the gnoll.
The gnoll is moderately wounded.
You hit the gnoll but do no damage.
Your tail-slap misses the gnoll.
The gnoll is moderately wounded.
The gnoll hits you with a +0 whip!
You completely miss the gnoll.
The gnoll is moderately wounded.
The gnoll barely misses you.
You hit the gnoll but do no damage.
You tail-slap the gnoll, but do no damage.
The gnoll is moderately wounded.
The gnoll misses you. The gnoll hits you with a +0 whip!
* * * LOW HITPOINT WARNING * * *
A rat comes into view.
The rat closely misses you. The rat bites you.
* * * LOW HITPOINT WARNING * * *
The gnoll hits you with a +0 whip!
You die...

#..# #.#.#.# #..#
#.##.# #..#
#####.##.# #..#
#.........
#..######.###.#..#
#......... #.#.##
##r##.###. #.#.##
##g# # #.#.## #@.#
..#.## #.## .
....## #.# ...
###### #.#
.....###... #.#
......†.... #.#
...#####.## #..
#.# ##. #.#
#.######.#


You could see a gnoll and a rat.

Vanquished Creatures
  2 worms
  A dart slug (D:1)
  An endoplasm (D:1)
  A hobgoblin (D:1)
  A kobold (D:3)
  2 ball pythons
8 creatures vanquished.

Notes
Turn   | Place    | Note
-------+----------+-------------------------------------------
     0 | D:1      | Drakonairon the Draconian Transmuter began the quest for
                  | the Orb.
     0 | D:1      | Reached XP level 1. HP: 16/16 MP: 3/3
   261 | D:2      | Reached XP level 2. HP: 22/23 MP: 3/5
   430 | D:3      | HP: 1/23 [rat (1)]
   433 | D:3      | Mangled by a gnoll

Illustrated notes

Levels and vault maps discovered:
D:1:      noname_arrival_rooms_in_the_neighbourhood, layout_loops_ring,
          dreamdust_ecumenical_altar_angels_and_demons
D:2:      kennysheep_big_flooded_room, layout_loops_cross, kennysheep_donut
D:3:      layout_loops_ring, xom_butterflies, grunt_nemelex_the_gamble,
          lemuel_round_altar, minmay_misc_feat_tiny

Action                   || total
-------------------------++-------
Melee: Unarmed           ||    40
       Kick              ||     4
       Headbutt          ||     3
       Tailslap          ||     2
 Cast: Beastly Appendage ||     4
  Use: Scroll            ||     1
Armor: Skin              ||    10
Dodge: Dodged            ||    20

Table legend: (Time is in decaauts)
 A = Elapsed time spent in this place.
 B = Non-inter-level travel time spent in this place.
 C = Inter-level travel time spent in this place.
 D = Time resting spent in this place.
 E = Time spent auto-exploring this place.
 F = Levels seen in this place.
 G = Mean time per level.
                   A        B        C        D        E       F      G
               +--------+--------+--------+--------+--------+-----+--------+
         Total |    429 |    429 |      0 |     86 |    127 |   3 |  143.0 |
       Dungeon |    429 |    429 |      0 |     86 |    127 |   3 |  143.0 |
               +--------+--------+--------+--------+--------+-----+--------+

Top non-repeatable levels by time:
     D:1: 240 daAuts
     D:3: 102 daAuts
     D:2: 86 daAuts
